 Dungeon Crawl Stone Soup version 0.18-a0-1639-g7533f42 (webtiles) character file.

163 dohliylev the Covert (level 5, 0/37 HPs)
             Began as a Vampire Enchanter on Mar 27, 2016.
             Slain by Purgy (9 damage)
             ... in a sewer.
             The game lasted 00:13:31 (3135 turns).

dohliylev the Covert (Vampire Enchanter)            Turns: 3135, Time: 00:13:32

Health: 0/37       AC:  3    Str:  7    XL:     5   Next: 20%
Magic:  0/8        EV: 13    Int: 17    God:
Gold:   146        SH:  0    Dex: 16    Spells: 2 memorised, 5 levels left

rFire  . . .     SeeInvis +     a - +1 dagger
rCold  + . .     Gourm    .     b - +1 robe
rNeg   + + .     Faith    .     (no shield)
rPois  +         Spirit   .     (no helmet)
rElec  .         Dismiss  .     (no cloak)
rCorr  .         Reflect  .     (no gloves)
SustAt .         Harm     .     (no boots)
MR     .....                    (no amulet)
Stlth  +++++.....               (no ring)
                                (no ring)

@: very slightly contaminated, regenerating slowly, not resistant to hostile
enchantments, quite stealthy
A: fangs 3, see invisible, unbreathing
a: Bat Form


You were in a sewer.
You were thirsty.

You visited 1 branch of the dungeon, and saw 3 of its levels.
You also visited: Sewer.

You collected 146 gold pieces.

Inventory:

Hand Weapons
 a - a +1 dagger (weapon)
 k - a +1 spear of venom
 x - a +0 blowgun
Missiles
 l - 3 throwing nets (quivered)
 w - 4 poisoned needles
 y - 7 curare-tipped needles
Armour
 b - a +1 robe (worn)
 h - a +0 helmet
Jewellery
 i - an uncursed ring of protection from magic {unknown}
 u - an uncursed ring of poison resistance {unknown}
Scrolls
 e - a scroll of amnesia {unknown}
 g - 2 scrolls of teleportation {unknown}
 j - 3 scrolls of identify {unknown}
 m - a scroll of immolation {unknown}
 o - a scroll of fear {unknown}
 q - 2 scrolls of remove curse {unknown}
 t - a scroll of noise {unknown}
 v - a scroll of fog {unknown}
Potions
 d - 17 potions of blood
 f - 2 potions of curing {unknown}
 n - a potion of mutation {unknown}
 p - a potion of lignification {unknown}
 r - 2 potions of flight {unknown}
 s - a potion of brilliance {unknown}
 z - a potion of degeneration {unknown}
Books
 c - a book of Maledictions

   Spells                             Type                      Level
   a - Corona                         Hexes                        1
   b - Ensorcelled Hibernation        Hexes/Ice                    2
   c - Confuse                        Hexes                        3
   d - Tukima's Dance                 Hexes                        3
   e - Dazzling Spray                 Conjuration/Hexes            3


   Skills:
 + Level 1.1 Fighting
 + Level 1.2 Short Blades
 + Level 2.1 Dodging
 + Level 8.1 Stealth
 + Level 2.0 Spellcasting
 + Level 4.4 Hexes
 + Level 1.7 Ice Magic


You had 5 spell levels left.
You knew the following spells:

 Your Spells              Type           Power        Failure   Level  Hunger
a - Corona                Hex            ###....      3%          1    #......
b - Ensorcelled Hibernat  Hex/Ice        ##....       10%         2    ###....


Dungeon Overview and Level Annotations

Branches:
Dungeon (3/15)

Altars:
Vehumet

Annotations:
D:3 namelastname112's ghost, amateur DrCK Sewer Purgy


Innate Abilities, Weirdness & Mutations

You heal slowly.
You have razor-sharp teeth.
You have supernaturally acute eyesight.
You can survive without breathing.


Message History

You are very lightly contaminated with residual magic.
Nothing appears to happen.
Purgy bites you.
* * * LOW HITPOINT WARNING * * *
Purgy closely misses you. Purgy claws you.
* * * LOW HITPOINT WARNING * * *
Casting: Ensorcelled Hibernation
Confirm with . or Enter, or press ? or * to list all spells.
Aiming: Ensorcelled Hibernation
Press: ? - help, Shift-Dir - straight line, f/p - Purgy
Aim: Purgy (chance to defeat MR: 51%) Purgy looks drowsy...
The helpless Purgy fails to defend himself.
You bite Purgy, and draw his blood!
You feel better.
You feel slightly less thirsty.
You impale Purgy!!
Purgy is almost dead.
Purgy misses you. Purgy claws you but does no damage. x2
You barely miss Purgy.
Purgy is almost dead.
Purgy bites you!
You die...

####################
#(##.##.##∩##.##.##.
#.##.##.##.##)##.##.
#'##'##'##.##'##'##'
#.T@................
≈≈≈≈≈#≈≈≈≈≈≈≈≈≈.≈≈≈≈≈≈≈≈≈
≈≈≈≈≈#≈≈≈≈≈≈≈≈≈∩≈≈≈≈≈≈≈≈≈
≈≈≈≈≈#≈≈≈≈≈≈≈≈≈.≈≈≈≈≈≈≈≈≈
######...................
#+##+##+##+##+##+##+


You could see Purgy.

Vanquished Creatures
  7 gnolls (D:2)
  4 adders
  2 giant geckos (D:2)
  5 bats
  2 giant cockroaches
  8 hobgoblins
  7 jackals
  A giant newt (D:2)
  4 goblins
  13 kobolds
  7 rats
60 creatures vanquished.

Notes
Turn   | Place    | Note
--------------------------------------------------------------
     0 | D:1      | dohliylev the Vampire Enchanter began the quest for the Orb.
     0 | D:1      | Reached XP level 1. HP: 13/13 MP: 3/3
   109 | D:1      | Reached skill level 5 in Stealth
   187 | D:1      | Reached XP level 2. HP: 8/19 MP: 1/5
   191 | D:1      | Learned a level 2 spell: Ensorcelled Hibernation
   635 | D:1      | Reached skill level 6 in Stealth
   865 | D:2      | Reached XP level 3. HP: 24/24 MP: 6/6
  1117 | D:2      | Reached skill level 1 in Fighting
  1164 | D:2      | Reached skill level 7 in Stealth
  1164 | D:2      | Reached skill level 1 in Ice Magic
  1164 | D:2      | Reached XP level 4. HP: 32/32 MP: 2/7
  2076 | D:2      | Reached XP level 5. HP: 20/37 MP: 3/8
  2422 | D:3      | Reached skill level 8 in Stealth
  2493 | D:3      | Noticed namelastname112's ghost (amateur DrCK)
  2500 | D:3      | Found a radiant altar of Vehumet.
  2875 | D:3      | Found a glowing drain.
  2884 | Sewer    | Entered a sewer
  3125 | Sewer    | Noticed Purgy
  3135 | Sewer    | Slain by Purgy

Vault maps used:
D:1:      lemuel_arrival_rhombus, minmay_misc_feat_nine_boxes,
          minmay_misc_feat_alley, minmay_misc_feat_secret_circle,
          minmay_misc_feat_more_columns, kennysheep_another_room
D:3:      lemuel_coloured_pillars_altar, first_bread, portal_sewer_entry_b
Sewer:    kennysheep_door_sewer

Skill      XL: |  1  2  3  4  5 |
---------------+----------------+-----
Stealth        | 5 6 7 8 |  8.1
Fighting       | 1 |  1.1
Ice Magic      | 1 |  1.7
Short Blades   | |  1.2
Dodging        | |  2.1
Spellcasting   | |  2.0
Hexes          | |  4.4

Action                   |  1- 3 |  4- 6 || total
-------------------------+-------+-------++-------
Melee: Dagger            |    66 |    66 ||   132
       Unarmed           |       |     2 ||     2
 Cast: Corona            |     5 |     2 ||     7
       Ensorcelled Hiber |    17 |    32 ||    49
 Abil: End Transformatio |       |     6 ||     6
       Bat Form          |       |     6 ||     6
  Use: Potion            |       |     2 ||     2
 Stab: Sleeping          |    15 |    27 ||    42
  Eat: Corpse            |       |     1 ||     1
